Map: Automaton LE

Players

TIME (Oliveira) - Winner!

  • Race: Terran Terran
  • Spawn Location: 3:00

SortOf

  • Race: Zerg Zerg
  • Spawn Location: 9:00

Event: 2019 WCS Spring

VOD

Have the link to the VOD?

Description

Time

  • Played on: May 18, 2019, 12:19 p.m.
  • Length: 14:32

All games in this series

Show
View Real Time Build Order
Export as new Build Order

TIME Terran - Winner!

Build Orders: Hellion Opening, Reaper Expand 

Get SALT Encoding   

  12  0:00  SCV  
  13  0:12  SCV  
  14  0:18  Supply Depot  
  14  0:25  SCV  
  15  0:39  SCV  
  15  0:40  Barracks  
  16  0:45  Refinery  
  16  0:51  SCV  
  17  1:03  SCV  
  18  1:15  SCV  
  19  1:28  Reaper, Orbital Command  
  20  1:41  Command Center  
  20  1:52  Supply Depot  
  20  1:53  SCV  
  21  2:00  Marine  
  22  2:05  SCV  
  23  2:08  Factory  
  23  2:13  Refinery  
  23  2:18  SCV  
  24  2:23  Barracks Reactor  
  24  2:30  SCV  
  25  2:42  SCV  
  26  2:54  Starport  
  26  2:55  Orbital Command  
  26  2:57  SCV  
  27  3:02  Hellion  
  27  3:03  Hellion  
  31  3:08  Marine  
  31  3:09  SCV  
  33  3:20  SCV  
  33  3:24  SCV, Hellion x2  
  33  3:26  Marine  
  40  3:29  Supply Depot  
  40  3:34  Starport Tech Lab  
  40  3:35  Fusion Core  
  40  3:36  SCV  
  40  3:39  SCV  
  42  3:45  Hellion  
  42  3:47  Hellion  
  46  3:50  SCV  
  46  3:51  SCV  
  46  3:55  Supply Depot  
  48  4:02  SCV  
  49  4:03  SCV  
  49  4:07  Hellion  
  49  4:09  Hellion  
  54  4:23  Battlecruiser  
  60  4:25  SCV  
  60  4:26  SCV  
  60  4:28  Barracks Tech Lab  
  60  4:31  Supply Depot  
  62  4:42  Factory Tech Lab  
  62  4:52  SCV x2  
  64  4:54  Command Center, Marine  
  64  4:55  Stimpack  
  65  5:02  Supply Depot  
  65  5:04  SCV  
  65  5:05  SCV  
  67  5:07  Barracks  
  67  5:08  Barracks  
  67  5:11  Siege Tank  
  70  5:16  Supply Depot  
  70  5:23  SCV x2, Marine  
  73  5:36  SCV  
  73  5:37  Engineering Bay  
  73  5:38  Engineering Bay  
  73  5:39  SCV, Refinery  
  73  5:40  Refinery  
  73  5:41  Marine  
  76  5:45  Siege Tank  
  76  5:47  Starport Reactor  
  76  5:48  SCV  
  80  5:56  SCV  
  77  5:59  Marine  
  77  6:00  SCV, Barracks Reactor  
  77  6:01  Marine x2  
  80  6:07  Terran Infantry Weapons Level 1  
  53  6:11  Orbital Command  
  80  6:12  SCV, Barracks  
  80  6:13  Barracks  
  80  6:16  Terran Infantry Armor Level 1, Marine  
  80  6:17  SCV  
  83  6:19  Marine  
  83  6:22  Marine  
  85  6:28  Siege Tank  
  85  6:29  SCV x2  
  90  6:34  Marine  
  90  6:36  Orbital Command  
  90  6:37  Medivac  
  90  6:38  Marine x2  
  95  6:41  SCV x2  
  95  6:45  Marine  
  95  6:46  Medivac  
  100  6:47  Marine  
  101  6:57  Supply Depot  
  101  7:01  Armory  
  101  7:02  Supply Depot  
  101  7:03  Barracks Reactor  
  101  7:05  Barracks Reactor  
  101  7:18  SCV x3, Marine x3  
  109  7:23  Marine  
  109  7:24  Marine  
  111  7:30  SCV x2  
  111  7:31  Siege Tank  
  111  7:32  Supply Depot  
  111  7:33  Combat Shield, Supply Depot  
  111  7:36  Supply Depot, Marine  
  115  7:39  Marine  
  115  7:40  Marine  
  117  7:53  Marine x4  
  117  7:54  SCV  
  118  8:03  Marine x2  
  118  8:04  Siege Tank  
  118  8:05  Medivac x2  
  108  8:07  Marine x2  
  108  8:09  SCV  
  109  8:15  Marine  
  109  8:17  Marine  
  103  8:20  Marine x2  
  103  8:21  SCV x2  
  103  8:22  Refinery  
  103  8:23  SCV, Refinery  
  103  8:25  Marine x2  
  110  8:27  Marine  
  110  8:28  Factory, Marine  
  110  8:31  Terran Infantry Weapons Level 2  
  110  8:32  Command Center  
  110  8:33  SCV x2  
  114  8:35  SCV  
  114  8:37  Terran Infantry Armor Level 2  
  114  8:39  Marine  
  114  8:41  Marine x3  
  118  8:45  SCV x2  
  118  8:47  Missile Turret  
  121  8:50  Marine  
  121  8:51  Marine  
  121  8:52  Marine  
  121  8:54  Marine  
  120  8:55  Marine  
  120  8:57  Marine  
  120  8:59  Terran Vehicle And Ship Armor Level 1  
  120  9:02  Marine  
  120  9:07  Missile Turret, Command Center, Marine  
  120  9:12  Missile Turret x2  
  120  9:14  Thor  
  120  9:15  Factory Reactor, Drilling Claws  
  123  9:20  Marine x2  
  123  9:21  Marine x3  
  123  9:23  Marine  
  119  9:24  Medivac  
  119  9:25  SCV  
  119  9:28  Medivac, Marine  
  125  9:32  Marine  
  125  9:37  SCV  
  127  9:40  SCV  
  127  9:41  Marine  
  127  9:43  Marine  
  127  9:44  Marine x2  
  127  9:45  Marine x2  
  134  9:54  Marine x2  
  134  9:55  Sensor Tower, Marine  
  134  9:56  Widow Mine x2  
  140  10:00  Medivac  
  140  10:01  Widow Mine  
  140  10:02  Marine x3  
  140  10:03  Marine  
  140  10:04  Medivac  
  140  10:06  SCV  
  151  10:08  Marine  
  151  10:10  Marine  
  151  10:12  Marine x3  
  156  10:19  Widow Mine x2, Supply Depot  
  156  10:20  Planetary Fortress, Marine x2, Supply Depot  
  162  10:21  Marine  
  162  10:22  Marine  
  163  10:28  Thor  
  163  10:29  Marine  
  163  10:32  Medivac  
  163  10:35  Marine  
  172  10:40  Marine x2  
  172  10:41  Marine x2  
  177  10:43  Widow Mine x2  
  179  10:53  Marine x2  
  179  10:54  Marine  
  178  10:57  Barracks x2  
  178  10:58  Barracks, Marine  
  178  11:00  Sensor Tower  
  178  11:01  Sensor Tower  
  179  11:09  Terran Infantry Weapons Level 3  
  179  11:12  Marine  
  179  11:13  Marauder  
  179  11:14  Marine x2  
  179  11:15  SCV  
  179  11:16  SCV  
  178  11:28  Marine x2  
  178  11:29  Marine  
  178  11:30  Terran Infantry Armor Level 3, Marine x3  
  178  11:31  Marine  
  178  11:32  Marine  
  150  11:34  Marauder  
  150  11:38  Widow Mine  
  155  11:40  Terran Vehicle And Ship Armor Level 2  
  155  11:46  SCV, Marine x2, Barracks Tech Lab x3  
  155  11:47  Marine  
  156  11:48  Marine x3  
  156  11:52  Marine  
  156  11:53  Marine  
  161  11:56  Marauder  
  161  11:57  Widow Mine x2  
  161  12:00  Medivac x2  
  171  12:04  Marine x2  
  171  12:07  Marine x2  
  171  12:08  Marauder  
  177  12:09  Marine x2  
  177  12:10  Marauder  
  177  12:11  Marine  
  178  12:16  Marine  
  178  12:17  Marine  
  178  12:18  Marauder  
  178  12:21  Marine  
  183  12:23  Marine  
  183  12:25  Marine  
  183  12:26  Marine  
  183  12:27  Marine  
  183  12:29  Marauder, Marine x2  
  190  12:31  Marauder, Widow Mine x2  
  190  12:34  Widow Mine, Marine  
  195  12:38  Marine  
  195  12:39  Marine  
  195  12:41  Marauder  
  195  12:44  Marine  
  196  12:45  Marine  
  196  12:51  Marauder, Marine x3  
  193  12:54  Widow Mine  
  193  12:57  Widow Mine x2  
  196  13:02  Marine x3  
  196  13:03  Marauder  
  196  13:05  Marine  
  173  13:06  Marine x2  
  173  13:07  Marauder  
  173  13:09  Marine x3  
  173  13:12  Marauder  
  153  13:16  Widow Mine  
  153  13:18  Widow Mine  
  153  13:19  Widow Mine  
  155  13:20  Marine x3  
  155  13:22  Marine  
  155  13:24  Marine  
  155  13:25  Medivac  
  155  13:26  Command Center  
  162  13:30  Marine x2  
  162  13:31  Marauder  
  166  13:35  Medivac  
  166  13:37  Widow Mine  
  170  13:48  Marine  
  168  13:49  Marauder  
  168  13:50  Marine  
  168  13:51  Marine x2  
  168  13:52  Marauder  
  168  13:55  Marine x2  
  169  13:56  Marauder  
  169  13:57  Marine x2  
  169  13:58  Marauder, Widow Mine  
  149  14:06  Marine  
  149  14:08  Marine  
  149  14:09  Marine  
  150  14:10  Marauder  
Show
View Real Time Build Order
Export as new Build Order

SortOf Zerg 

Build Orders: Hatch First, Muta Ling Bane 

Get SALT Encoding   

  12  0:01  Drone  
  13  0:15  Overlord  
  13  0:18  Drone  
  14  0:33  Drone x2  
  16  0:52  Hatchery  
  16  0:56  Drone  
  16  0:59  Drone  
  16  1:02  Drone  
  18  1:15  Extractor  
  17  1:19  Spawning Pool  
  17  1:22  Drone  
  17  1:26  Drone  
  17  1:32  Drone  
  19  1:44  Drone  
  20  1:57  Overlord  
  20  2:05  Queen  
  20  2:06  Queen, Zergling x2  
  20  2:07  Zergling x2  
  26  2:14  Drone x2  
  28  2:24  Drone  
  29  2:33  Spore Crawler  
  29  2:35  Drone  
  29  2:38  Drone x2  
  32  2:47  Hatchery  
  32  2:51  Drone  
  32  2:54  Drone  
  32  2:57  Overlord  
  33  2:59  Metabolic Boost  
  33  3:02  Drone  
  34  3:07  Queen  
  34  3:12  Overlord  
  36  3:16  Drone  
  36  3:18  Drone  
  38  3:21  Drone x2  
  38  3:26  Overlord  
  40  3:27  Drone  
  40  3:33  Drone x2  
  43  3:35  Queen  
  45  3:41  Overlord  
  45  3:48  Drone  
  46  3:49  Drone x3  
  49  3:56  Zergling x4  
  49  3:57  Baneling Nest  
  49  4:00  Queen  
  49  4:02  Drone  
  53  4:06  Drone x2  
  55  4:10  Queen  
  55  4:11  Drone  
  55  4:16  Zergling x2  
  59  4:19  Drone  
  59  4:21  Drone x3  
  63  4:31  Drone x2  
  65  4:36  Spore Crawler, Overlord, Queen  
  65  4:37  Spore Crawler  
  66  4:38  Drone  
  66  4:43  Drone  
  66  4:47  Overlord  
  66  4:50  Lair  
  66  4:52  Roach Warren  
  65  4:53  Baneling  
  65  4:54  Baneling x3  
  65  4:55  Drone x3  
  65  4:57  Queen  
  70  5:00  Drone x2  
  70  5:05  Drone x2  
  74  5:08  Extractor x2, Drone x3  
  74  5:10  Drone  
  76  5:18  Zergling x4  
  76  5:19  Zergling x2  
  79  5:21  Overlord  
  79  5:22  Extractor, Drone x4  
  79  5:23  Extractor  
  79  5:25  Drone  
  82  5:29  Overlord  
  82  5:30  Overlord  
  82  5:40  Queen x2  
  80  5:43  Spore Crawler, Roach x3  
  80  5:47  Drone x2  
  80  5:48  Baneling x4  
  82  5:52  Drone x2  
  82  5:53  Drone x2  
  82  5:58  Drone x4  
  86  6:05  Drone  
  86  6:06  Drone x2  
  86  6:09  Extractor  
  88  6:11  Overlord  
  88  6:13  Drone x5  
  93  6:19  Overlord  
  93  6:22  Centrifical Hooks  
  93  6:26  Evolution Chamber  
  93  6:27  Evolution Chamber  
  93  6:28  Overlord  
  93  6:31  Drone  
  92  6:39  Spire  
  91  6:40  Zergling x12  
  91  6:44  Roach x3  
  97  6:53  Zerg Melee Weapons Level 1  
  97  6:54  Zerg Ground Armor Level 1  
  97  6:58  Zergling x12  
  97  6:59  Ravager  
  97  7:00  Ravager x2  
  106  7:03  Overlord  
  106  7:05  Hatchery, Roach x2  
  106  7:07  Ravager  
  103  7:11  Hatchery  
  103  7:17  Baneling  
  103  7:18  Baneling x9  
  103  7:19  Roach x2  
  103  7:20  Roach  
  109  7:23  Overlord  
  109  7:24  Roach  
  109  7:29  Zergling x12  
  117  7:31  Ravager x2  
  119  7:37  Drone x2  
  119  7:38  Spore Crawler  
  119  7:40  Zergling x4  
  119  7:44  Overlord  
  122  7:45  Ravager  
  122  7:46  Ravager x2, Zergling x8  
  129  7:52  Baneling x6  
  129  7:54  Zergling x2  
  129  8:03  Zergling x20  
  121  8:06  Zergling x2  
  116  8:21  Zergling x10  
  116  8:25  Mutalisk x4  
  116  8:26  Overseer  
  129  8:28  Drone x6  
  129  8:30  Baneling x4  
  129  8:33  Drone x3  
  138  8:34  Drone  
  139  8:42  Zerg Flyer Weapons Level 1  
  139  8:43  Overseer  
  138  8:49  Mutalisk x2  
  138  8:50  Overlord  
  138  8:54  Overlord  
  138  8:55  Overlord x2  
  141  9:01  Mutalisk x2  
  141  9:03  Zergling x4  
  141  9:10  Zergling x14  
  147  9:24  Zerg Ground Armor Level 2, Zerg Melee Weapons Level 2  
  145  9:30  Zergling x28  
  159  9:36  Infestation Pit  
  158  9:40  Extractor, Drone x3  
  158  9:55  Mutalisk x4  
  158  9:59  Zergling x12  
  168  10:02  Hatchery  
  167  10:07  Overseer  
  167  10:12  Overlord x6  
  166  10:15  Hive  
  166  10:16  Pneumatized Carapace  
  166  10:19  Baneling x6  
  166  10:20  Overlord  
  166  10:21  Zergling x10  
  171  10:31  Mutalisk x2  
  171  10:34  Overlord  
  175  10:40  Zergling x16  
  175  10:42  Baneling x9  
  181  10:58  Zergling x22  
  181  10:59  Overseer  
  192  11:04  Overlord  
  192  11:09  Mutalisk x3  
  198  11:11  Baneling x8  
  198  11:16  Overlord  
  179  11:30  Zergling x26  
  179  11:32  Hatchery, Zergling x2  
  167  11:36  Zergling x8  
  161  11:40  Baneling  
  161  11:41  Baneling x15  
  161  11:43  Zergling x12  
  160  11:54  Zergling x12  
  160  11:56  Ultralisk Cavern  
  164  12:04  Baneling x2  
  164  12:07  Zergling x6  
  167  12:12  Zergling x14  
  167  12:13  Zergling x2  
  168  12:18  Baneling  
  168  12:19  Baneling x3  
  168  12:20  Baneling x11  
  168  12:22  Zergling x4  
  170  12:23  Zergling x2  
  170  12:32  Zergling x12  
  170  12:33  Zergling x8  
  170  12:35  Zergling x4  
  168  12:40  Zergling x4  
  164  12:44  Zergling x12  
  146  13:08  Ultralisk x3, Zergling x8  
  146  13:09  Zergling x2  
  146  13:12  Zergling x6  
  138  13:14  Zergling x2  
  138  13:17  Zergling x8  
  138  13:21  Baneling x7  
  132  13:32  Drone x2  
  134  13:38  Baneling x2  
  134  13:48  Zergling x32  
  130  13:58  Zergling x8  
  130  14:02  Zergling x2  
  119  14:08  Zergling x4  
  115  14:14  Overlord x2  
Tags
 
Add a new tag
Caveats
  • Supply blocks, unpowered buildings, or Contaminate may cause inaccurate times.
  • Supply counts are checked every 10 seconds.